 Dungeon Crawl Stone Soup version 0.28-a0-1235-g7c8fac35f0 (webtiles) character file.

Game seed: 3927248382944448963

30 Htamos the Chopper (level 3, -7/33 HPs)
             Began as a Hill Orc Monk on Dec 25, 2021.
             Mangled by a goblin (19 damage)
             ... led by Robin
             ... on level 1 of the Dungeon.
             The game lasted 00:01:30 (1110 turns).

Htamos the Chopper (Hill Orc Monk)                  Turns: 1110, Time: 00:01:31

Health: -7/33      AC:  5    Str: 13    XL:     3   Next: 18%
Magic:  3/3        EV: 11    Int: 10    God:
Gold:   60         SH:  0    Dex: 15    Spells: 2/2 levels left

rFire   . . .      SeeInvis .   c - +2 dagger (venom)
rCold   . . .      Faith    .   (no shield)
rNeg    . . .      Spirit   .   d - +0 ring mail
rPois   .          Reflect  .   (no helmet)
rElec   .          Harm     .   (no cloak)
rCorr   .          Rampage  .   (no gloves)
Will    .....                   (no boots)
Stlth   +.........              (no amulet)
HPRegen 0.11/turn               (no ring)
MPRegen 0.08/turn               (no ring)

@: no status effects
A: no striking features
a: no special abilities


You were on level 1 of the Dungeon.
You visited 1 branch of the dungeon, and saw 2 of its levels.

You collected 60 gold pieces.

Inventory:

Hand Weapons
 a - a +0 hand axe
 c - a +2 dagger of venom (weapon)
Armour
 b - a +0 robe
 d - a +0 ring mail (worn)
Scrolls
 e - a scroll of identify {unknown}
 f - a scroll of immolation {unknown}


   Skills:
 + Level 4.0 Fighting
 * Level 4.7 Axes
 + Level 1.1 Armour
 - Level 2.4 Dodging
 - Level 1.5 Stealth
 + Level 1.0 Shields


You had 2 spell levels left.
You didn't know any spells.
Your spell library contained the following spells:

 Spells                   Type           Power      Damage    Failure   Level
 Pain                     Necr           0%         1d4       63%         1
 Agony                    Necr           0%         N/A       100%        5
 Excruciating Wounds      Necr           0%         N/A       100%        5


Dungeon Overview and Level Annotations

Branches:
Dungeon (2/15)

Altars:

Annotations:
D:1 Robin


Message History

There is a stone staircase leading down here.
You climb downwards.
The goblin shouts! x6; The hobgoblin shouts!
Robin shouts!
The goblin shouts! x2
There is a stone staircase leading up here.
There are monsters nearby!
Unknown command.
The goblin hits you but does no damage. The goblin barely misses you.
The hobgoblin hits you but does no damage.
The goblin hits you but does no damage. The goblin barely misses you.
Robin hits you with a +0 dagger.
You climb upwards.
There is a stone staircase leading down here.
Unknown command.
The goblin barely misses you.
Robin says, "A pitiful Hill Orc like you will never find the ORB!"
The goblin hits you but does no damage. The hobgoblin barely misses you.
The goblin hits you but does no damage.
Robin roars a battlecry!
The goblins go into a battle-frenzy!
The goblin hits you with a +0 club.
The goblin unwields a +0 dagger.
The goblin wields a +0 hunting sling.
The goblin shoots a stone.
The stone hits you but does no damage.
You barely miss the goblin. Robin throws the goblin at you!
The hobgoblin barely misses you. The goblin hits you with a +0 club.
The goblin unwields a +0 hunting sling.
The goblin wields a +0 dagger.
The goblin closely misses you. Robin throws the goblin at you!
The hobgoblin hits you but does no damage.
The goblin misses you. The hobgoblin hits you.
The goblin hits you with a +0 club.
* * * LOW HITPOINT WARNING * * *
The goblin hits you but does no damage. The goblin barely misses you.
Robin throws the goblin at you! The goblin hits you with a +0 club.
* * * LOW HITPOINT WARNING * * *
You hit the goblin.
You kill the goblin!
The goblin misses you. The hobgoblin closely misses you.
Robin throws the goblin at you!
The goblin hits you but does no damage. x2
You are electrocuted!!
Ouch! That really hurt!
You die...

.....# #.#
#..##.#.##..##### ######
#.####..###.###......###
#...........# #..#####..
###############..#######..#
#.# ........†..#
#...........# #.#
##########.# #..########.#
#.# #.# #..# #.# #.#
##########.####.g########.#
#.#
............##.g@.........#
#..
##########.###.g.g...####.#
### ...........#
#.......####.# #.#
##########.# #..g.........#
#.# ##.# #.......#.#### #.#
#..# #(......#.# #.# #.##
#....>..#.# #.# #.#
####..###.# #.. ## #†# #..#
#.##########


You could see Robin, a hobgoblin (strong) and 3 goblins.

Vanquished Creatures
  3 dart slugs (D:1)
  A ball python (D:1)
  5 endoplasms (D:1)
  A goblin (D:1)
  2 hobgoblins (D:1)
  2 kobolds (D:1)
  3 quokkas (D:1)
  3 bats (D:1)
  2 frilled lizards (D:1)
  A rat (D:1)
23 creatures vanquished.

Vanquished Creatures (others)
  5 withered plants (D:1)
5 creatures vanquished.

Grand Total: 28 creatures vanquished

Notes
Turn   | Place    | Note
-------+----------+-------------------------------------------
     0 | D:1      | Htamos the Hill Orc Monk began the quest for the Orb.
     0 | D:1      | Reached XP level 1. HP: 19/19 MP: 1/1
   159 | D:1      | Reached XP level 2. HP: 23/27 MP: 2/2
   481 | D:1      | Reached skill level 1 in Armour
   521 | D:1      | Reached skill level 1 in Shields
   646 | D:1      | Reached XP level 3. HP: 26/33 MP: 3/3
   801 | D:1      | Found a faded altar of an unknown god.
  1099 | D:2      | Noticed Robin
  1110 | D:1      | Mangled by a goblin

Illustrated notes

Levels and vault maps discovered:
D:1:      psy_arrival_basics, layout_loops_ring,
          ebering_ecumenical_altar_petrified
D:2:      layout_loops_corners, uniq_jessica, uniq_robin, uniq_sigmund

Skill      XL: |  1  2  3 |
---------------+----------+-----
Armour         | 1 |  1.1
Shields        | 1 |  1.0
Fighting       | 4 |  4.0
Axes           | |  4.7
Dodging        | |  2.4
Stealth        | |  1.5

Action                   || total
-------------------------++-------
Melee: Dagger            ||    55
 Stab: Sleeping          ||     4
Armor: Robe              ||    13
       Ring mail         ||    12
Dodge: Dodged            ||    41

Table legend: (Time is in decaauts)
 A = Elapsed time spent in this place.
 B = Non-inter-level travel time spent in this place.
 C = Inter-level travel time spent in this place.
 D = Time resting spent in this place.
 E = Time spent auto-exploring this place.
 F = Levels seen in this place.
 G = Mean time per level.
                   A        B        C        D        E       F      G
               +--------+--------+--------+--------+--------+-----+--------+
         Total |   1109 |   1043 |     66 |      0 |    875 |   2 |  554.5 |
       Dungeon |   1109 |   1043 |     66 |      0 |    875 |   2 |  554.5 |
               +--------+--------+--------+--------+--------+-----+--------+

Top non-repeatable levels by time:
     D:1: 1108 daAuts
     D:2: 1 daAuts
